 Dungeon Crawl Stone Soup version 0.18.1-6-gd335043 (webtiles) character file.

345 NoLuckNoSkill the Cudgeler (level 6, -1/48 HPs)
             Began as a Mummy Chaos Knight on May 17, 2016.
             Slain by an orc priest
             ... wielding a +0 short sword
              (4 damage)
             ... on level 4 of the Dungeon.
             The game lasted 00:03:39 (1924 turns).

NoLuckNoSkill the Cudgeler (Mummy Chaos Knight)     Turns: 1924, Time: 00:03:39

Health: -1/48      AC:  5    Str: 17    XL:     6   Next: 32%
Magic:  15/15      EV: 15    Int: 12    God:    Xom [..*...]
Gold:   145        SH:  0    Dex: 11    Spells: 0 memorised, 5 levels left

rFire  x . .     SeeInvis .     a - +0 mace (chaos)
rCold  + . .     Gourm    .     b - +2 leather armour
rNeg   + + +     Faith    .     (no shield)
rPois  ∞         Spirit   .     (no helmet)
rElec  .         Dismiss  .     (no cloak)
rCorr  .         Reflect  .     (no gloves)
SustAt .         Harm     .     (no boots)
MR     .....                    (no amulet)
Stlth  +.........               j - +3 ring of evasion
                                i - ring of magical power

@: liquefying, slowed movement, very slow, not resistant to hostile
enchantments, very unstealthy
A: no food or potions, fire vulnerability, cold resistance 1, negative energy
resistance 3, torment resistance, unbreathing
a: Renounce Religion


You were on level 4 of the Dungeon.
You worshipped Xom.
You were a toy of Xom.
You were not hungry.

You visited 1 branch of the dungeon, and saw 4 of its levels.

You collected 145 gold pieces.

Inventory:

Hand Weapons
 a - a +0 mace of chaos (weapon)
Armour
 b - a +2 leather armour (worn)
 h - a +0 shield
Magical Staves
 m - an uncursed staff of poison {unknown}
Jewellery
 i - a ring of magical power (left hand)
 j - a +3 ring of evasion (right hand)
Wands
 n - a wand of polymorph (15/24)
Scrolls
 c - a scroll of fear {unknown}
 d - 4 scrolls of remove curse {unknown}
 e - a scroll of magic mapping {unknown}
 f - 2 scrolls of blinking {unknown}
 g - 2 scrolls of recharging {unknown}
 k - 2 scrolls of identify {unknown}
 l - a scroll of enchant weapon {unknown}
 o - a scroll of random uselessness {unknown}


   Skills:
 + Level 4.2 Fighting
 * Level 4.3 Maces & Flails
 - Level 1.5 Armour
 + Level 1.9 Dodging
 + Level 2.0 Shields


You had 5 spell levels left.
You didn't know any spells.

Dungeon Overview and Level Annotations

Branches:
Dungeon (4/15)
 Temple: D:4-7

Altars:
Nemelex Xobeh
Yredelemnul

Shops:
D:4 (


Innate Abilities, Weirdness & Mutations

You do not eat or drink.
Your flesh is vulnerable to fire.
You are immune to poison.
Your flesh is cold resistant.
You are immune to negative energy.
You are immune to unholy pain and torment.
You can survive without breathing.


Message History

* * * LOW HITPOINT WARNING * * *
Xom is mildly amused.
Unknown command.
Unknown command.
You sock the orc priest!
You kill the orc priest!
Your Shields skill increases to level 2!
The orc priest invokes the aid of Beogh against you.
You struggle to resist.
Unknown command.
Your unstable footing causes you to fumble your attack.
The orc priest miscasts a cantrip.
Unknown command.
You hit the orc priest.
The orc priest is lightly wounded.
The orc priest hits you but does no damage.
Unknown command.
Your unstable footing causes you to fumble your attack.
The orc priest hits you with a short sword.
You die...

##........# #######.
..........#.#######.
#........#......!..
#..................
#.......##.#######. #.
#..........# #.##.
##..##.......##.# #.##.
......?......##.# #.##.
.##)@.....##.####.##<
......o.................
#####...................
#...###..##.........
##+####..##..###.###
.........###.# #
.............###
.........#'#.....
#.##..##.#∩##.###


You could see an orc priest.

Vanquished Creatures
  Sigmund (D:3)
  An orc priest (D:4)
  A worker ant (D:4)
  4 gnolls (D:2)
  An adder (D:2)
  4 oozes
  A worm (D:2)
  4 dart slugs
  5 giant geckos
  A ball python (D:3)
  4 bats
  2 giant cockroaches
  5 goblins
  9 hobgoblins
  A quokka (D:2)
  2 giant newts (D:1)
  7 kobolds
  8 rats
61 creatures vanquished.

Vanquished Creatures (others)
  A rat (D:3)
1 creature vanquished.

Grand Total: 62 creatures vanquished

Notes
Turn   | Place    | Note
--------------------------------------------------------------
     0 | D:1      | NoLuckNoSkill the Mummy Chaos Knight began the quest for the Orb.
     0 | D:1      | Reached XP level 1. HP: 18/18 MP: 1/1
   132 | D:1      | Reached XP level 2. HP: 18/24 MP: 2/2
   406 | D:1      | XOM: scenery: 1 doors open
   658 | D:2      | Reached XP level 3. HP: 21/29 MP: 3/3
   794 | D:2      | XOM: silly message
   850 | D:2      | XOM: divination: magic mapping
   906 | D:2      | Found a sparkling altar of Nemelex Xobeh.
   910 | D:2      | Found a basalt altar of Yredelemnul.
   941 | D:2      | XOM: potion effect (might)
   943 | D:2      | Reached XP level 4. HP: 35/36 MP: 4/4
   946 | D:2      | Reached skill level 1 in Shields
   957 | D:2      | Reached skill level 1 in Dodging
  1187 | D:3      | Noticed Sigmund
  1194 | D:3      | XOM: potion effect (haste)
  1404 | D:3      | XOM: potion effect (haste)
  1417 | D:3      | Killed Sigmund
  1417 | D:3      | Reached XP level 5. HP: 39/42 MP: 5/5
  1417 | D:3      | Reached XP level 6. HP: 44/48 MP: 6/6
  1653 | D:3      | XOM: divination: detect creatures
  1895 | D:4      | Found Liegum's Antique Weapon Emporium.
  1919 | D:4      | XOM: cast spell 'Leda's Liquefaction'
  1924 | D:4      | Slain by an orc priest

Skill      XL: |  1  2  3  4  5  6 |
---------------+-------------------+-----
Maces & Flails | 3 4 |  4.3
Shields        | 1 2 |  2.0
Dodging        | 1 |  1.9
Fighting       | 4 |  4.2
Armour         | |  1.5

Action                   |  1- 3 |  4- 6 || total
-------------------------+-------+-------++-------
Melee: Mace              |    95 |    95 ||   190
 Stab: Paralysed         |       |     1 ||     1
Armor: Leather armour    |    26 |    24 ||    50
Dodge: Dodged            |    63 |    59 ||   122
